 Dungeon Crawl Stone Soup version 0.30-a0-469-g84de5afbc5 (webtiles) character file.

Game seed: 12254593584088521852

119828 inmateoo the Impaler (level 16, -49/129 HPs)
             Began as a Demonspawn Fighter on Dec 19, 2022.
             Was the Champion of Okawaru.
             Killed from afar by Nikola (58 damage)
             ... with an arc of chain lightning
             ... on level 1 of the Snake Pit.
             The game lasted 00:30:56 (21363 turns).

inmateoo the Impaler (Demonspawn Fighter)          Turns: 21363, Time: 00:30:57

Health: -49/129    AC: 31    Str: 25    XL:     16   Next: 28%
Magic:  0/23       EV: 21    Int: 15    God:    Okawaru [******]
Gold:   2521       SH: 19    Dex: 18    Spells: 15/15 levels left

rFire   . . .      SeeInvis +    b - +9 demon trident (elec)
rCold   + + .      Faith    .    V - +2 kite shield {AC+3}
rNeg    . . .      Spirit   +    m - +5 scale mail of the Tuna {Regen+ Int+5 Dex-5 SInv}
rPois   +          Reflect  .    s - +1 hat of Dim Light {rPois}
rElec   .          Harm     .    x - +0 cloak of Kyrui {rC+ Will+ Str+2}
rCorr   .          Rampage  .    O - +0 pair of gloves {Dex+3}
Will    +++..                    h - +3 pair of boots of Tender Moments {Will+ Dex+2}
Stlth   ..........               K - amulet of guardian spirit
HPRegen 1.21/turn                H - ring of protection from cold
MPRegen 0.18/turn                q - ring "Tolorph" {rPois Dex+4 Slay+2}

@: mighty, agile, on berserk cooldown, slowed, very slow
A: antennae 1, icemail 1, powered by pain 1, sharp scales 2, condensation shield
a: Renounce Religion, Heroism, Finesse, Duel


You were on level 1 of the Snake Pit.
You worshipped Okawaru.
Okawaru was exalted by your worship.
You visited 5 branches of the dungeon, and saw 24 of its levels.
You also visited: Gauntlet.

You collected 3317 gold pieces.
You spent 796 gold pieces at shops.

Inventory:

Hand Weapons
 b - a +9 demon trident of electrocution (weapon)
Missiles
 v - a throwing net (quivered)
Armour
 h - the +3 pair of boots of Tender Moments (worn) {Will+ Dex+2}
   (Okawaru gifted it to you on level 13 of the Dungeon)

   Dex:       It affects your dexterity (+2).
   Will:      It increases your willpower.
 m - the +5 scale mail of the Tuna (worn) {Regen+ Int+5 Dex-5 SInv}
   (Okawaru gifted it to you on level 14 of the Dungeon)

   Int:       It affects your intelligence (+5).
   Dex:       It affects your dexterity (-5).
   SInv:      It lets you see invisible.
   Regen:     It increases your rate of health regeneration.
 s - the +1 hat of Dim Light (worn) {rPois}
   (Okawaru gifted it to you on level 1 of the Lair of Beasts)

   rPois:     It protects you from poison.
 x - the +0 cloak of Kyrui (worn) {rC+ Will+ Str+2}
   (You bought it in a shop on level 2 of the Orcish Mines)

   Str:       It affects your strength (+2).
   rC:        It protects you from cold.
   Will:      It increases your willpower.
 O - a +0 pair of gloves of dexterity (worn)
 V - a +2 kite shield of protection (worn)
Jewellery
 q - the ring "Tolorph" (right hand) {rPois Dex+4 Slay+2}
   (You found it on level 2 of the Dungeon)

   [ring of poison resistance]

   Dex:       It affects your dexterity (+4).
   Slay:      It affects your accuracy & damage with ranged weapons and melee
   (+2).
   rPois:     It protects you from poison.
 z - a ring of see invisible
 H - a ring of protection from cold (left hand)
 K - an amulet of guardian spirit (around neck)
 P - a ring of protection from fire
 R - a ring of willpower
Wands
 c - a wand of roots (13)
 i - a wand of digging (4)
 E - a wand of flame (29)
 I - a wand of paralysis (12)
 M - a wand of light (6)
 Q - a wand of mindburst (12)
Scrolls
 a - 12 scrolls of identify
 f - 2 scrolls of enchant armour
 k - 3 scrolls of blinking
 r - 2 scrolls of magic mapping
 u - a scroll of fear
 y - 11 scrolls of teleportation
 A - 2 scrolls of brand weapon
 D - 2 scrolls of poison
 N - 4 scrolls of fog
Potions
 d - 3 potions of might
 e - 6 potions of haste
 g - 6 potions of flight
 j - 14 potions of curing
 l - 5 potions of heal wounds
 n - 5 potions of brilliance
 o - 3 potions of magic
 w - a potion of cancellation
 B - 5 potions of mutation
 C - a potion of berserk rage
Miscellaneous
 p - a condenser vane


   Skills:
 + Level 12.5 Fighting
 * Level 15.5 Polearms
 + Level 11.4 Armour
 + Level 11.1 Dodging
 + Level 11.5 Shields
 - Level 10.0 Invocations


You had 15 spell levels left.
You didn't know any spells.
Your spell library contained the following spells:

 Spells                   Type           Power      Damage    Failure   Level
 Freeze                   Ice            0%         1d3       73%         1
 Blink                    Tloc           0%         N/A       86%         2
 Frozen Ramparts          Ice            0%         1d1       97%         3
 Hailstorm                Conj/Ice       0%         3d3       97%         3
 Ignite Poison            Fire/Tmut/Pois 0%         N/A       97%         3
 Kindle Blastsparks       Fire/Tloc/Air  0%         2d10      97%         3
 Ozocubu's Armour         Ice            0%         N/A       97%         3
 Manifold Assault         Tloc           0%         N/A       100%        4
 Petrify                  Tmut/Erth      0%         N/A       100%        4
 Sticky Flame             Conj/Fire      0%         2d3       100%        4
 Alistair's Intoxication  Tmut/Pois      0%         N/A       100%        5
 Freezing Cloud           Conj/Ice/Air   0%         6-21      100%        5
 Metabolic Englaciation   Hex/Ice        0%         N/A       100%        5
 Statue Form              Tmut/Erth      0%         N/A       100%        6
 Storm Form               Tmut/Air       0%         N/A       100%        7
 Ignition                 Fire           0%         3d3       100%        8
 Necromutation            Tmut/Necr      0%         N/A       100%        8
 Simulacrum               Ice/Necr       Unusable   N/A       N/A         6

Dungeon Overview and Level Annotations

Branches:
Dungeon (15/15)            Temple (1/1) D:4            Lair (5/5) D:8
 Shoals (0/4) Lair:3        Snake (1/4) Lair:2        Slime (0/5) Lair:4
    Orc (2/2) D:12            Elf (0/3) Orc:2        Vaults (0/5) D:14
 Depths (0/4) D:15        Gauntlet (visited)

Altars:
Ashenzari
Cheibriados
Dithmenos
Fedhas
Gozag
Hepliaklqana
Kikubaaqudgha
Makhleb
Nemelex Xobeh
Okawaru
Qazlal
Ru
Sif Muna
Trog
Uskayaw
Vehumet
Wu Jian
Xom
Yredelemnul
Jiyva

Shops:
D:4 :   D:8 =*   Orc:2 :*[*

Annotations:
D:13 4 transporters
Snake:1 Nikola


Innate Abilities, Weirdness & Mutations

You have a pair of small antennae on your head.
A meltable icy envelope protects you from harm. (AC +4)
You sometimes gain a little power by taking damage.
You are mostly covered in razor-sharp scales. (AC +2, Slay +2)
A meltable shield of frost defends you. (SH +4)


Message History

You are too injured to fight recklessly!
You closely miss Nikola.
Nikola is lightly wounded.
You puncture Nikola!
Nikola is lightly wounded.
You block Nikola's attack.
You impale Nikola!!
Nikola is moderately wounded.
You puncture Nikola!
Nikola is moderately wounded.
You block Nikola's attack.
You closely miss Nikola.
Nikola is moderately wounded.
You puncture Nikola!
Nikola is moderately wounded.
You puncture Nikola! Lightning courses through Nikola!
Nikola is heavily wounded.
Nikola says, "You don't look like a good insulator."
Nikola gestures wildly while chanting.
Nikola blinks!
You feel a strong urge to attack something.
You feel your anger nearly subside.
You are no longer berserk.
You are exhausted.
You feel yourself slow down.
Nikola says, "There's a spark of magic in your eyes."
You impale Nikola!!
Nikola is severely wounded.
Nikola casts a spell.
Lightning arcs from Nikola's hands!
The bolt of lightning hits you!!!
* * * LOW HITPOINT WARNING * * *
You focus on the pain.
You feel very mighty all of a sudden.
A bolt of lightning appears from out of thin air!
The bolt of lightning hits Nikola!
You hear a trumpeting!
You hear a shout! x2
You impale Nikola!! Lightning courses through Nikola!!
Nikola is almost dead.
Nikola casts a spell.
Lightning arcs from Nikola's hands!
The bolt of lightning hits you!!!
You die...

## #.## ##...###
##......##
##........#
###......#...
##....@...#
##.....@...#
#.........##
###.........#
#######...........#
........###########
########.#######
#........#
......##......#


You could see Nikola.

Vanquished Creatures
  Gastronok (D:9)
  Azrael (D:13)
  A dire elephant (Lair:5)
  A minotaur (Gauntlet)
  2 fire dragons (D:15)
  An entropy weaver (shapeshifter) (D:15)
  An ettin (Orc:2)
  Josephine (D:13)
  8 hydras
  An ice dragon (Lair:5)
  An ogre mage (D:15)
  The ghost of Athor the Cleaver, a journeyman FoFi of Okawaru (Lair:2)
  4 vault guards (D:14)
  4 catoblepae
  6 two-headed ogres
  4 centaur warriors
  3 boulder beetles
  Erica (Lair:2)
  18 death yaks
  3 tengu warriors
  Urug (Lair:1)
  5 orc high priests (Orc:2)
  Nergalle (Orc:1)
  Amaemon (D:9)
  A spectral catoblepas (Lair:2)
  A necromancer (Gauntlet)
  A wizard (D:14)
  5 lindwurms (Lair:5)
  4 deep elf pyromancers
  A mana viper (shapeshifter) (D:15)
  9 orc knights
  A cyclops (D:13)
  A salamander (shapeshifter) (D:14)
  5 manticores
  32 ugly things
  2 eyes of devastation
  3 black mambas
  4 gargoyles
  Maurice (D:10)
  A water nymph (shapeshifter) (D:11)
  7 torpor snails
  An orange demon (D:9)
  20 cane toads
  7 komodo dragons
  An efreet (D:14)
  A tengu conjurer (D:14)
  8 rime drakes
  A freezing wraith (D:15)
  A polar bear (Lair:3)
  3 meliai (D:13)
  4 tyrant leeches (Lair:5)
  10 hornets
  5 trolls
  2 spectral dream sheep (Lair:2)
  8 blink frogs
  4 dream sheep (Lair:4)
  15 slime creatures
  A snapping turtle (Lair:3)
  A water elemental (D:13)
  15 wyverns
  5 wraiths
  A vampire (D:12)
  13 basilisks
  3 steam dragons (D:9)
  3 fire elementals (D:13)
  7 humans (D:14)
  30 yaks
  A catoblepas simulacrum (Lair:2)
  A golden eye (Gauntlet)
  12 vampire mosquitoes
  Menkaure (D:5)
  3 wargs
  16 water moccasins
  An acid dragon (D:10)
  2 hydra simulacra (Lair:2)
  A floating eye (Lair:4)
  10 ice beasts
  2 hell hounds (D:13)
  25 orc warriors
  A sky beast (D:7)
  9 ogres
  15 centaurs
  35 wolves
  A phantom (D:5)
  A kobold brigand (D:9)
  5 bullfrogs
  Blork the orc (D:5)
  2 necrophages
  11 scorpions
  2 electric eels
  A howler monkey (D:7)
  5 jellies
  A gnoll bouda (D:7)
  29 orc priests
  5 hounds
  4 iguanas
  11 orc wizards
  6 hell rats (Lair:4)
  7 gnolls
  8 adders
  A shadow imp (D:8)
  A white imp (D:6)
  2 ufetubi
  A worm (D:5)
  3 dart slugs
  75 orcs
  11 bats
  11 endoplasms
  5 giant cockroaches
  3 goblins
  2 hobgoblins
  7 quokkas
  7 ball pythons
  4 frilled lizards
  8 kobolds
  8 rats
  A butterfly (D:8)
705 creatures vanquished.

Vanquished Creatures (others)
  2 humans
  17 demonic plants (Gauntlet)
  26 fungi
  18 plants
  14 withered plants (Gauntlet)
77 creatures vanquished.

Grand Total: 782 creatures vanquished

Notes
Turn   | Place    | Note
-------+----------+-------------------------------------------
     0 | D:1      | inmateoo the Demonspawn Fighter began the quest for the
                  | Orb.
     0 | D:1      | Reached XP level 1. HP: 18/18 MP: 1/1
    72 | D:1      | Reached skill level 2 in Polearms
    88 | D:1      | Gained mutation: You are partially covered in razor-sharp
                  | scales. (AC +1, Slay +1) [demonic ancestry]
    88 | D:1      | Reached XP level 2. HP: 24/24 MP: 2/2
   847 | D:2      | Reached XP level 3. HP: 25/29 MP: 3/3
  1158 | D:2      | Identified the ring "Tolorph" {rPois Dex+4 Slay+2}
  1240 | D:2      | Reached skill level 1 in Dodging
  1572 | D:3      | Reached XP level 4. HP: 34/35 MP: 4/4
  1838 | D:3      | Found a blossoming altar of Fedhas.
  1938 | D:3      | Found a faded altar of an unknown god.
  1941 | D:3      | Reached skill level 3 in Polearms
  1942 | D:3      | Found a snail-covered altar of Cheibriados.
  2142 | D:4      | Noticed a necrophage
  2155 | D:4      | Killed a necrophage
  2156 | D:4      | Reached XP level 5. HP: 16/42 MP: 5/5
  2353 | D:4      | Found Wuxiqea's Book Boutique.
  2572 | D:4      | Gained mutation: You have a pair of small antennae on your
                  | head. [demonic ancestry]
  2572 | D:4      | Reached XP level 6. HP: 48/48 MP: 6/6
  2781 | D:4      | Found a staircase to the Ecumenical Temple.
  2789 | Temple   | Entered the Ecumenical Temple
  3023 | Temple   | Became a worshipper of Warmaster Okawaru
  3105 | D:5      | Entered Level 5 of the Dungeon
  3174 | D:5      | Reached skill level 1 in Invocations
  3230 | D:5      | Reached skill level 4 in Polearms
  3238 | D:5      | Reached XP level 7. HP: 37/54 MP: 6/8
  3355 | D:5      | Found a sparkling altar of Nemelex Xobeh.
  3364 | D:5      | Found a shadowy altar of Dithmenos.
  3701 | D:5      | Noticed Menkaure
  3713 | D:5      | Killed Menkaure
  3713 | D:5      | Reached * piety under Okawaru
  3802 | D:5      | Gained mutation: You sometimes gain a little power by
                  | taking damage. [demonic ancestry]
  3802 | D:5      | Reached XP level 8. HP: 55/61 MP: 10/10
  3866 | D:5      | Noticed Blork the orc
  3872 | D:5      | Killed Blork the orc
  3873 | D:5      | Reached skill level 5 in Polearms
  3957 | D:6      | Reached ** piety under Okawaru
  4118 | D:6      | Reached skill level 5 in Fighting
  4277 | D:6      | Found an ancient bone altar of Kikubaaqudgha.
  5038 | D:7      | Reached skill level 6 in Polearms
  5038 | D:7      | Reached skill level 5 in Shields
  5330 | D:7      | Reached *** piety under Okawaru
  5331 | D:7      | Gained mutation: A meltable shield of frost defends you.
                  | (SH +4) [demonic ancestry]
  5331 | D:7      | Reached XP level 9. HP: 48/68 MP: 12/12
  5384 | D:7      | Noticed a troll
  5476 | D:8      | Found a radiant altar of Vehumet.
  5588 | D:8      | Reached skill level 5 in Invocations
  5595 | D:8      | Reached skill level 5 in Armour
  5671 | D:8      | Reached **** piety under Okawaru
  5698 | D:8      | Noticed a rime drake
  5714 | D:8      | Killed a rime drake
  5715 | D:8      | Reached skill level 7 in Polearms
  5719 | D:8      | Found a staircase to the Lair.
  5806 | D:8      | Found Ruonel's Jewellery Shoppe.
  5915 | D:8      | Found Ragadode's Elemental Accessories.
  5994 | D:8      | Reached skill level 5 in Dodging
  5994 | D:8      | Reached XP level 10. HP: 77/77 MP: 14/14
  6204 | D:9      | Noticed a two-headed ogre
  6205 | D:9      | Noticed Amaemon
  6207 | D:9      | Noticed an orange demon
  6233 | D:9      | Killed a two-headed ogre
  6270 | D:9      | Killed Amaemon
  6271 | D:9      | Reached skill level 8 in Polearms
  6279 | D:9      | Killed an orange demon
  6342 | D:9      | Reached ***** piety under Okawaru
  6380 | D:9      | Noticed Gastronok
  6695 | D:9      | Killed Gastronok
  6763 | D:9      | Gained mutation: A meltable icy envelope protects you from
                  | harm. (AC +4) [demonic ancestry]
  6763 | D:9      | Reached XP level 11. HP: 61/84 MP: 16/16
  7119 | D:10     | Entered Level 10 of the Dungeon
  7237 | D:10     | Received a gift from Okawaru
  7285 | D:10     | Noticed Maurice
  7294 | D:10     | Paralysed by something for 3 turns
  7325 | D:10     | Killed Maurice
  7470 | D:10     | Reached skill level 9 in Polearms
  7932 | D:11     | Noticed a two-headed ogre
  7955 | D:11     | Killed a two-headed ogre
  7972 | D:11     | Noticed an entropy weaver
  7978 | D:11     | an entropy weaver changed into a culicivora
  8174 | D:11     | Noticed a boulder beetle
  8203 | D:11     | Killed a boulder beetle
  8203 | D:11     | Received a gift from Okawaru
  8377 | D:11     | You fall into a shaft and drop 1 floor!
  8412 | D:12     | Found a staircase to the Orcish Mines.
  8443 | D:12     | Noticed a deep elf pyromancer
  8452 | D:12     | Killed a deep elf pyromancer
  8549 | D:12     | Noticed a two-headed ogre
  8566 | D:12     | Killed a two-headed ogre
  8677 | D:12     | Noticed a green ugly thing
  8687 | D:12     | Killed a green ugly thing
  8926 | D:12     | Reached XP level 12. HP: 92/93 MP: 15/18
  8947 | D:12     | Reached skill level 10 in Polearms
  9743 | D:13     | Found a gate leading to a gauntlet.
  9752 | Gauntlet | Entered a Gauntlet
  9752 | Gauntlet | Found a transporter.
  9762 | Gauntlet | Found a transporter.
  9777 | Gauntlet | Found a transporter.
  9782 | Gauntlet | Found a transporter.
  9850 | Gauntlet | Found a transporter.
  9865 | Gauntlet | Noticed a death yak
  9865 | Gauntlet | Noticed a death yak
  9866 | Gauntlet | Noticed a death yak
  9869 | Gauntlet | Found a transporter.
  9881 | Gauntlet | Found a transporter.
  9883 | Gauntlet | Noticed an entropy weaver
  9889 | Gauntlet | Found a transporter.
  9906 | Gauntlet | Found a transporter.
  9913 | Gauntlet | Noticed a death yak
  9918 | Gauntlet | Found a transporter.
  9919 | Gauntlet | Noticed a death yak
  9930 | Gauntlet | Found a transporter.
  9932 | Gauntlet | Found the +3 pair of seven-league boots {Rampage+∞}
  9949 | Gauntlet | Found a transporter.
  9964 | Gauntlet | Found a transporter.
  9968 | Gauntlet | Found a transporter.
  9994 | Gauntlet | Found a transporter.
  9996 | Gauntlet | Found a transporter.
 10018 | Gauntlet | Found a transporter.
 10105 | Gauntlet | Noticed a death yak
 10105 | Gauntlet | Noticed a death yak
 10110 | Gauntlet | Found a transporter.
 10243 | Gauntlet | Received a gift from Okawaru
 10349 | Gauntlet | Identified the +0 cloak "Goajar" {Rampage MP+9 Str+2}
 10460 | Gauntlet | Killed a death yak
 10460 | Gauntlet | Reached ****** piety under Okawaru
 10460 | Gauntlet | Identified the +7 scimitar "Jiaruobb" {vorpal, rF++ rC+
                  | Int-5 SInv}
 10466 | Gauntlet | Identified the ring "Xyebug" {Ice +Blink Stlth+}
 10486 | Gauntlet | Killed a death yak
 10491 | Gauntlet | Killed a death yak
 10656 | Gauntlet | Noticed a minotaur
 10674 | Gauntlet | Killed a minotaur
 10675 | Gauntlet | Reached skill level 10 in Invocations
 10683 | Gauntlet | Identified the +0 ring mail "Jauwuid" {Will++ Int+4}
 10701 | Gauntlet | Identified the ring "Minyluath" {Wiz Str+4}
 10702 | Gauntlet | Got the Compilation of Forms
 10909 | D:13     | Noticed a boulder beetle
 10927 | D:13     | Killed a boulder beetle
 10935 | D:13     | Noticed Josephine
 10957 | D:13     | Killed Josephine
 10957 | D:13     | Identified the +3 pair of boots of Tender Moments {Will+
                  | Dex+2} (Okawaru gifted it to you on level 13 of the
                  | Dungeon)
 10957 | D:13     | Received a gift from Okawaru
 10983 | D:13     | Reached skill level 11 in Polearms
 11014 | D:13     | Noticed a catoblepas
 11047 | D:13     | Killed a catoblepas
 11191 | D:13     | Found a transporter.
 11193 | D:13     | Found a transporter.
 11223 | D:13     | Found a transporter.
 11288 | D:13     | Gained mutation: You are mostly covered in razor-sharp
                  | scales. (AC +2, Slay +2) [demonic ancestry]
 11288 | D:13     | Reached XP level 13. HP: 101/101 MP: 20/20
 11576 | D:13     | Noticed Azrael
 11607 | D:13     | Killed Azrael
 12010 | D:13     | Found a transporter.
 12715 | D:14     | Received a gift from Okawaru
 12814 | D:14     | Reached skill level 12 in Polearms
 13018 | D:14     | Reached skill level 10 in Fighting
 13069 | D:14     | Identified the +5 scale mail of the Tuna {Regen+ Int+5
                  | Dex-5 SInv} (Okawaru gifted it to you on level 14 of the
                  | Dungeon)
 13069 | D:14     | Received a gift from Okawaru
 13248 | D:14     | Found a gate to the Vaults.
 13507 | D:15     | Entered Level 15 of the Dungeon
 13568 | D:15     | Reached XP level 14. HP: 111/111 MP: 21/21
 14015 | D:15     | Reached skill level 13 in Polearms
 14222 | D:15     | Found a staircase to the Depths.
 14299 | D:15     | Received a gift from Okawaru
 14379 | D:15     | Reached skill level 10 in Shields
 14790 | Lair:1   | Entered Level 1 of the Lair of Beasts
 14838 | Lair:1   | Reached skill level 10 in Armour
 15065 | Lair:1   | Noticed Urug
 15081 | Lair:1   | Killed Urug
 15081 | Lair:1   | Identified the +1 hat of Dim Light {rPois} (Okawaru gifted
                  | it to you on level 1 of the Lair of Beasts)
 15081 | Lair:1   | Received a gift from Okawaru
 15484 | Lair:2   | Noticed Erica
 15500 | Lair:2   | Killed Erica
 15562 | Lair:2   | Found a runed translucent gate.
 15568 | Lair:2   | Found a runed translucent gate.
 15568 | Lair:2   | Found a runed translucent gate.
 15573 | Lair:2   | Noticed Athor's ghost (journeyman FoFi)
 15800 | Lair:2   | Found a staircase to the Snake Pit.
 15859 | Lair:2   | Identified the +1 ring mail "Aracwol" {*Slow rElec rPois
                  | Str-5}
 16248 | Lair:2   | Killed Athor's ghost
 16445 | Lair:3   | Reached XP level 15. HP: 119/119 MP: 22/22
 16525 | Lair:3   | Reached skill level 14 in Polearms
 16544 | Lair:3   | Reached skill level 10 in Dodging
 16846 | Lair:3   | Found a staircase to the Shoals.
 17150 | Lair:4   | Found a staircase to the Slime Pits.
 17151 | Lair:4   | Found a viscous altar of Jiyva.
 17246 | Lair:4   | Identified the +1 ring mail "Qacziyn" {Int+2} (Okawaru
                  | gifted it to you on level 4 of the Lair of Beasts)
 17246 | Lair:4   | Received a gift from Okawaru
 17959 | Lair:5   | Entered Level 5 of the Lair of Beasts
 18602 | Lair:5   | Identified the +8 shortbow of Evolution {freeze, Int+3}
 18644 | Lair:5   | Reached skill level 15 in Polearms
 18693 | Lair:5   | Received a gift from Okawaru
 18960 | Lair:5   | Found a runed translucent door.
 19158 | Lair:5   | Reached XP level 16. HP: 116/127 MP: 23/23
 19518 | Orc:1    | Entered Level 1 of the Orcish Mines
 19519 | Orc:1    | Noticed Nergalle
 19529 | Orc:1    | Killed Nergalle
 19930 | Orc:2    | Entered Level 2 of the Orcish Mines
 20041 | Orc:2    | Found a staircase to the Elven Halls.
 20351 | Orc:2    | Received a gift from Okawaru
 20882 | Orc:2    | Found Loubbata's Book Shop.
 20883 | Orc:2    | Found Vauwuq's Armour Shop.
 20883 | Orc:2    | Found Japui's Assorted Antiques.
 20884 | Orc:2    | Found Taxkixtuf's General Store.
 20891 | Orc:2    | Bought the +0 cloak of Kyrui {rC+ Will+ Str+2} for 396 gold
                  | pieces
 20905 | Orc:2    | Bought a scroll of teleportation for 75 gold pieces
 20905 | Orc:2    | Bought a potion of curing for 75 gold pieces
 20905 | Orc:2    | Bought a potion of curing for 75 gold pieces
 20905 | Orc:2    | Bought a potion of curing for 75 gold pieces
 20905 | Orc:2    | Bought a potion of might for 100 gold pieces
 21308 | Snake:1  | Entered Level 1 of the Snake Pit
 21346 | Snake:1  | Noticed Nikola
 21363 | Snake:1  | Killed from afar by Nikola

Illustrated notes

Levels and vault maps discovered:
D:1:      dpeg_arrival_boxes_within_box, layout_basic, minivault_25,
          hangedman_abyss_or_decor_stabs
D:2:      minmay_chambers_of_ones, layout_basic
D:3:      layout_rooms, mainiacjoe_overflow_six_doors_small,
          nicolae_overflow_ecumenical_swirl, zin_academy
D:4:      layout_loops_cross, minmay_temple_entry_fiery, serial_shops, shop
D:5:      minmay_spotlight, layout_loops_cross, mainiacjoe_overflow_swirl,
          uniq_blork_the_orc, uniq_menkaure
D:6:      layout_cave_pools, tgw_kikubaaqudgha, kennysheep_cross_room
D:7:      kb_forest_paths, layout_basic, lightli_corner_chamber
D:8:      layout_basic, nicolae_elyvilon_peaceful_grove, amcnicky_altar_gilded,
          hellmonk_lair_entry_icy, serial_shops, shop, nicolae_elemental_shop
D:9:      layout_basic, grunt_ministairs_15, nrook_campfire, uniq_gastronok,
          uniq_amaemon
D:10:     layout_loops_ring, nicolae_tso_carved_into_rock, uniq_maurice
D:11:     layout_roguey
D:12:     old_forge, layout_gridville
D:13:     layout_layer_cave, gauntlet_entry_generic, fountainhead, hex_tiny,
          nicolae_transporter_circle, uniq_azrael, uniq_josephine
D:14:     layout_irregular_city, ximxim_vaults_locker_room
D:15:     grunt_enter_depths_hoard, layout_basic, grunt_tough_drop
Temple:   nicolae_temple_figure_eight
Lair:1:   layout_hall_layers, lemuel_fruit_tree, uniq_urug
Lair:2:   layout_regular_city, dummy_snake_entry, gammafunk_ghost_necromancy,
          serial_bayou_pond_b, uniq_erica
Lair:3:   layout_hall_layers, minmay_shoals_entry_hut
Lair:4:   layout_roguey [special_room_mythical_zoo], minmay_slime_entry_eyes
Lair:5:   hangedman_lair_in_review, layout_misc_corridors, wormcave
Snake:1:  layout_onion_interference, serial_shops, shop,
          nicolae_snake_gridmaze_big_u, beargit_elvish_explorers, uniq_nikola
Orc:1:    layout_diamond_mine, nicolae_orc_damp_corner, nicolae_orc_bridge_out,
          uniq_nergalle
Orc:2:    st_orc_pillars, layout_diamond_mine

Skill      XL: |  1  2  3  4  5  6  7  8  9 10 11 12 13 14 15 16 |
---------------+-------------------------------------------------+-----
Polearms       | 2 3 4 6 7 8 9 11 12 13 15 | 15.5
Shields        | 3 4 5 6 7 8 9 10 11 | 11.5
Armour         | 3 4 5 6 7 8 9 10 11 | 11.4
Dodging        | 1 2 3 4 5 6 7 8 9 10 11 | 11.1
Fighting       | 4 5 6 7 8 9 10 11 12 | 12.5
Invocations    | 1 3 4 6 7 9 10 | 10.0

Action                   |  1- 3 |  4- 6 |  7- 9 | 10-12 | 13-15 | 16-18 || total
-------------------------+-------+-------+-------+-------+-------+-------++-------
Melee: Trident           |   143 |   180 |   336 |   808 |       |       ||  1467
       Demon trident     |       |       |       |   198 |  1292 |   328 ||  1818
Throw: Throwing net      |       |       |     1 |       |       |       ||     1
Invok: Heroism           |       |       |       |     3 |       |     1 ||     4
       Finesse           |       |       |       |     1 |     1 |     1 ||     3
Evoke: Wand              |       |       |     3 |       |       |     1 ||     4
  Use: Scroll            |     9 |     3 |     9 |    13 |     4 |     1 ||    39
       Potion            |       |       |       |     1 |     2 |     1 ||     4
 Stab: Held in net/web   |       |       |     1 |     1 |       |       ||     2
       Petrified         |       |       |       |       |     7 |       ||     7
Armor: Scale mail        |    58 |    70 |    78 |   151 |   320 |    29 ||   706
       Chain mail        |       |       |       |    83 |   143 |       ||   226
Dodge: Dodged            |    47 |   102 |   114 |   360 |   405 |    57 ||  1085
Block: Buckler           |    13 |       |       |       |       |       ||    13
       Kite shield       |    36 |    94 |   189 |   701 |   896 |   171 ||  2087

Table legend: (Time is in decaauts)
 A = Elapsed time spent in this place.
 B = Non-inter-level travel time spent in this place.
 C = Inter-level travel time spent in this place.
 D = Time resting spent in this place.
 E = Time spent auto-exploring this place.
 F = Levels seen in this place.
 G = Mean time per level.
                   A        B        C        D        E       F      G
               +--------+--------+--------+--------+--------+-----+--------+
         Total |  21091 |  19718 |   1373 |   1894 |  12189 |  25 |  843.6 |
       Dungeon |  13868 |  12982 |    886 |   1403 |   7900 |  15 |  924.5 |
        Temple |    270 |    205 |     65 |      0 |    203 |   1 |  270.0 |
          Lair |   4475 |   4178 |    297 |    180 |   2847 |   5 |  895.0 |
     Snake Pit |     50 |     50 |      0 |      0 |     37 |   1 |   50.0 |
  Orcish Mines |   1481 |   1357 |    124 |     56 |    894 |   2 |  740.5 |
      Gauntlet |    944 |    944 |      0 |    255 |    307 |   1 |  944.0 |
               +--------+--------+--------+--------+--------+-----+--------+

Top non-repeatable levels by time:
    D:13: 1848 daAuts
  Lair:5: 1231 daAuts
    D:12: 1098 daAuts
    D:14: 1081 daAuts
     D:8: 1046 daAuts
  Lair:4: 995 daAuts
   Orc:2: 994 daAuts
     D:7: 977 daAuts
    D:10: 964 daAuts
Gauntlet: 944 daAuts
    D:15: 939 daAuts
  Lair:2: 866 daAuts
     D:5: 862 daAuts
     D:1: 855 daAuts
     D:9: 854 daAuts
